 Dungeon Crawl Stone Soup version 0.28.0-53-g5a82cb258f (webtiles) character file.

Game seed: 15943363349963307389

88131 MiltankisOP the Cruncher (level 16, -1/127 HPs)
             Began as a Formicid Fighter on June 14, 2022.
             Was the Champion of Okawaru.
             Killed from afar by a shock serpent (21 damage)
             ... with a bolt of electricity
             ... on level 3 of the Lair of Beasts.
             The game lasted 01:39:34 (31588 turns).

MiltankisOP the Cruncher (Formicid Fighter)        Turns: 31588, Time: 01:39:35

Health: -1/127     AC: 23    Str: 40    XL:     16   Next: 39%
Magic:  25/25      EV: 13    Int:  9    God:    Okawaru [******]
Gold:   2074       SH: 12    Dex: 13    Spells: 15/15 levels left

rFire   . . .      SeeInvis +   s - +1 lajatang (spect)
rCold   . . .      Faith    +   Q - +0 kite shield of the Big Bang {rN++ Regen+ Slay+5}
rNeg    + + .      Spirit   .   A - +0 plate armour
rPois   +          Reflect  .   (helmet unavailable)
rElec   .          Harm     .   I - +1 cloak "Boips" {Str+6}
rCorr   .          Rampage  .   V - +2 pair of gloves of Zionuyhy {Dex+3}
Will    +....                   F - +0 pair of boots
Stlth   ..........              z - amulet of faith
HPRegen 1.11/turn               j - +6 ring of strength
MPRegen 0.19/turn               P - ring of poison resistance

@: mighty, marked
A: permanent stasis, dig shafts and tunnels, antennae 3, four strong arms
a: Dig, Shaft Self, Renounce Religion, Heroism, Finesse, Duel


You were on level 3 of the Lair of Beasts.
You worshipped Okawaru.
Okawaru was exalted by your worship.
You visited 5 branches of the dungeon, and saw 25 of its levels.

You collected 3472 gold pieces.
You spent 1398 gold pieces at shops.

Inventory:

Hand Weapons
 m - a +2 spectral quarterstaff
 q - a +5 quarterstaff of speed
 s - a +1 spectral lajatang (weapon)
 R - a +3 vorpal quarterstaff
Missiles
 p - 2 throwing nets
Armour
 u - a +0 robe
 A - a +0 plate armour (worn)
 F - a +0 pair of boots (worn)
 G - the +5 ring mail of Putyllecs {*Slow rF+++ rCorr Str-3}
   (Okawaru gifted it to you on level 12 of the Dungeon)

   Str:       It affects your strength (-3).
   rF:        It renders you almost immune to fire.
   rCorr:     It protects you from acid and corrosion.
   *Slow:     It may slow you when you take damage.
 I - the +1 cloak "Boips" (worn) {Str+6}
   (You found it on level 10 of the Dungeon)

   Str:       It affects your strength (+6).
 Q - the +0 kite shield of the Big Bang (worn) {rN++ Regen+ Slay+5}
   (Okawaru gifted it to you on level 3 of the Lair of Beasts)

   Slay:      It affects your accuracy & damage with ranged weapons and melee
   (+5).
   rN:        It greatly protects you from negative energy.
   Regen:     It increases your rate of health regeneration.
 U - a scarf of resistance
 V - the +2 pair of gloves of Zionuyhy (worn) {Dex+3}
   (You found it on level 14 of the Dungeon)

   Dex:       It affects your dexterity (+3).
Jewellery
 d - a ring of resist corrosion
 j - a +6 ring of strength (left hand)
 n - a +4 ring of protection
 z - an amulet of faith (around neck)
 P - a ring of poison resistance (right hand)
Wands
 B - a wand of digging (8)
 K - a wand of iceblast (2)
 X - a wand of paralysis (6)
 Y - a wand of acid (4)
Scrolls
 c - 2 scrolls of holy word
 e - 10 scrolls of blinking
 f - 4 scrolls of fog
 l - a scroll of identify
 r - 6 scrolls of torment
 t - 4 scrolls of amnesia
 v - 3 scrolls of enchant armour
 w - a scroll of fear
 y - 2 scrolls of noise
 L - a scroll of vulnerability
 N - 3 scrolls of magic mapping
 W - a scroll of brand weapon
Potions
 a - a potion of berserk rage
 g - 6 potions of attraction
 h - a potion of lignification
 i - 6 potions of curing
 k - a potion of flight
 o - 3 potions of mutation
 C - 4 potions of resistance
 E - 2 potions of invisibility
 H - 5 potions of heal wounds
 O - 5 potions of brilliance
 S - 7 potions of ambrosia
 T - a potion of might
 Z - 2 potions of cancellation
Miscellaneous
 b - a condenser vane


   Skills:
 - Level 12.0 Fighting
 - Level 14.0 Staves
 + Level 13.5 Armour
 - Level 12.3 Dodging
 * Level 11.5 Shields
 - Level 12.0 Invocations


You had 15 spell levels left.
You didn't know any spells.
Your spell library contained the following spells:

 Spells                   Type           Power      Damage    Failure   Level
 Apportation              Tloc           0%         N/A       95%         1
 Pain                     Necr           0%         1d4       95%         1
 Sandblast                Erth           0%         2d4       95%         1
 Shock                    Conj/Air       0%         1d3       95%         1
 Corpse Rot               Necr/Air       0%         N/A       99%         2
 Passwall                 Tmut/Erth      0%         N/A       99%         2
 Gell's Gravitas          Tloc           0%         N/A       100%        3
 Lesser Beckoning         Tloc           0%         N/A       100%        3
 Portal Projectile        Hex/Tloc       0%         N/A       100%        3
 Stone Arrow              Conj/Erth      0%         3d7       100%        3
 Vampiric Draining        Necr           0%         2d6       100%        3
 Dispel Undead            Necr           0%         3d6       100%        4
 Leda's Liquefaction      Hex/Erth       0%         N/A       100%        4
 Petrify                  Tmut/Erth      0%         N/A       100%        4
 Agony                    Necr           0%         N/A       100%        5
 Excruciating Wounds      Necr           0%         N/A       100%        5
 Manifold Assault         Tloc           0%         N/A       100%        5
 Metabolic Englaciation   Hex/Ice        0%         N/A       100%        5
 Iron Shot                Conj/Erth      0%         9d1       100%        6
 Statue Form              Tmut/Erth      0%         N/A       100%        6
 Orb of Destruction       Conj           0%         9d5       100%        7
 Disjunction              Tloc           0%         N/A       100%        8
 Animate Skeleton         Necr           Unusable   N/A       N/A         1
 Blink                    Tloc           Unusable   N/A       N/A         2
 Call Canine Familiar     Summ           Unusable   N/A       N/A         3
 Death Channel            Necr           Unusable   N/A       N/A         6
 Malign Gateway           Summ/Tloc      Unusable   N/A       N/A         7

Dungeon Overview and Level Annotations

Branches:
Dungeon (15/15)            Temple (1/1) D:7            Lair (6/6) D:8
 Shoals (0/4) Lair:2        Snake (1/4) Lair:3        Slime (0/5) Lair:6
    Orc (2/2) D:10            Elf (0/3) Orc:2        Vaults (0/5) D:14
 Depths (0/4) D:15

Altars:
Ashenzari
Cheibriados
Dithmenos
Elyvilon
Fedhas
Gozag
Hepliaklqana
Kikubaaqudgha
Makhleb
Nemelex Xobeh
Okawaru
Qazlal
Ru
Sif Muna
Trog
Uskayaw
Vehumet
Wu Jian
Xom
Yredelemnul
Zin
The Shining One
Beogh
Jiyva
Lugonu

Shops:
D:1 (   D:6 *   D:8 [   D:13 [   Orc:1 [   Orc:2 *?**

Portals:
Abyss: Lair:6

Annotations:
Lair:5 2 transporters, Valamore's ghost, journeyman FoFi


Innate Abilities, Weirdness & Mutations

You cannot be hasted, slowed, berserked, paralysed or teleported.
You can dig through walls and to a lower floor.
You have a pair of large antennae on your head. (SInv)
Your four strong arms can wield two-handed weapons with a shield.


Message History

A shock serpent comes into view.
A black mamba comes into view.
You see here a +0 glaive.
A naga sharpshooter comes into view. It is wielding a +0 battleaxe.
You feel sick.
The naga sharpshooter gestures wildly while chanting.
The naga sharpshooter unwields a +0 battleaxe.
The naga sharpshooter wields a +0 longbow.
The naga sharpshooter mumbles some strange words.
The naga sharpshooter magically shoots an arrow.
You block the arrow.
You feel sick. The shock serpent bites you. The shock serpent shocks you!
* * * LOW HITPOINT WARNING * * *
The naga sharpshooter mumbles some strange words.
The naga sharpshooter magically shoots an arrow.
The arrow barely misses you.
There is a staircase back to the Lair here.
You feel sick. The shock serpent barely misses you.
The naga sharpshooter casts a spell.
The naga sharpshooter magically shoots an arrow.
The arrow hits you!
* * * LOW HITPOINT WARNING * * *
You block the shock serpent's attack.
You climb upwards.
Welcome back to the Lair of Beasts!
You feel sick.
You are no longer poisoned.
There is a staircase to the Snake Pit here.
You feel much better.
The shock serpent bites you but does no damage.
The naga sharpshooter spits poison at you.
You block the splash of poison.
You feel very mighty all of a sudden.
The shock serpent shoots out a bolt of lightning at you!
The bolt of electricity hits you! The bolt of electricity hits you!!
* * * LOW HITPOINT WARNING * * *
The bolt of electricity hits the shock serpent.
The shock serpent completely resists.
The naga sharpshooter shoots an arrow.
The arrow hits you!
* * * LOW HITPOINT WARNING * * *
The shock serpent shoots out a bolt of lightning at you!
The bolt of electricity hits you!!
You die...

#..##.#................#
#####.#................#
####.#...#.#######.....#
.##.#.#..#.......##....#
#..#.#...#..#.#...##...# ###
.##.#..P.#.........##..###.####
.........#..#.#.#...#####.....##
.........#.......N...##........#
.........##...#.@S#...##.......#
.##.#..P..##...........#.......##
#..#.#.....##...#.#.#..#.........
.##.#.#....###.........#.........
####.#....## ##...#.#..#.........
#####.#...## ##.......#.........
#..##.#.##.## ########.#.......##
.##..#....#.###.....#...........#
#..##..P.............##.........#


You could see a naga sharpshooter and a shock serpent.

Vanquished Creatures
  Jorgrun (D:12)
  Agnes (D:14)
  An emperor scorpion (D:15)
  2 naga warriors (Snake:1)
  A boulder beetle (D:14)
  A death knight (D:12)
  5 hydras
  3 two-headed ogres
  4 tengu warriors
  4 centaur warriors
  3 death yaks (Lair:2)
  An orc high priest (Orc:2)
  3 thrashing horrors (Lair:6)
  Nergalle (Orc:1)
  A skeletal warrior (D:12)
  A lindwurm (shapeshifter) (D:14)
  A lindwurm (D:14)
  14 ugly things
  2 phantasmal warriors
  3 orc knights
  4 cyclopes
  A cyclops (shapeshifter) (D:14)
  5 orc sorcerers (Orc:2)
  6 manticores
  A salamander (D:15)
  3 black mambas
  3 centaur zombies
  Joseph (D:8)
  Maurice (D:9)
  2 gargoyles
  A smoke demon (Lair:6)
  12 elephants
  A guardian serpent (Snake:1)
  17 cane toads
  Maggie (D:7)
  An efreet (D:13)
  3 rime drakes
  8 komodo dragons
  A freezing wraith (D:12)
  A komodo dragon (shapeshifter) (D:13)
  A tengu conjurer (D:14)
  2 ancient zymes (Lair:6)
  7 trolls
  A queen bee (Lair:3)
  A wind drake (shapeshifter) (D:15)
  A polar bear (Lair:2)
  20 blink frogs
  18 slime creatures
  A blink frog (shapeshifter) (Lair:6)
  2 large abominations (Lair:6)
  A ynoxinul (Lair:6)
  A shadow (D:9)
  9 wyverns
  55 yaks
  A vampire (D:11)
  A spriggan (Lair:6)
  A wraith (D:12)
  11 basilisks
  3 chaos spawn (Lair:6)
  Menkaure (D:6)
  3 acid dragons
  5 nagas
  2 wargs (Orc:1)
  Edmund (D:6)
  10 small abominations (Lair:6)
  11 water moccasins
  25 orc warriors
  A hornet zombie (D:7)
  4 sky beasts
  A necrophage (D:7)
  An ice beast (D:6)
  5 ogres
  3 boggarts (D:15)
  12 wolves
  16 centaurs
  A phantom (D:6)
  2 kobold brigands (D:8)
  12 bullfrogs
  2 wyvern zombies
  3 scorpions (D:5)
  A gnoll sergeant (D:9)
  33 killer bees
  7 howler monkeys
  18 wights
  An electric eel (D:6)
  A bullfrog skeleton (D:5)
  24 orc priests
  4 hounds
  3 centaur skeletons
  A gnoll shaman (Orc:1)
  2 iguanas
  24 orc wizards
  3 hound skeletons
  2 howler monkey zombies (D:10)
  13 gnolls
  A river rat (Lair:3)
  An adder (D:4)
  A shadow imp (D:7)
  An adder skeleton (D:4)
  A worm (D:3)
  A dart slug (D:3)
  45 orcs
  3 ball pythons
  4 endoplasms
  6 giant cockroaches
  8 goblins
  5 hobgoblins
  3 jackals (D:1)
  4 quokkas
  7 bats
  2 frilled lizards (D:3)
  18 kobolds
  3 rats
  A bush (D:6)
636 creatures vanquished.

Vanquished Creatures (others)
  2 orc wizards (Orc:2)
  24 fungi
  35 plants
61 creatures vanquished.

Grand Total: 697 creatures vanquished

Notes
Turn   | Place    | Note
-------+----------+-------------------------------------------
     0 | D:1      | MiltankisOP the Formicid Fighter began the quest for the
                  | Orb.
     0 | D:1      | Reached XP level 1. HP: 18/18 MP: 1/1
   287 | D:1      | Reached XP level 2. HP: 24/24 MP: 2/2
   571 | D:1      | Found Plog's Weapon Boutique.
   738 | D:2      | Reached XP level 3. HP: 30/30 MP: 3/3
   842 | D:2      | Found a faded altar of an unknown god.
  1718 | D:3      | Reached skill level 3 in Staves
  1898 | D:3      | Reached XP level 4. HP: 31/38 MP: 4/4
  1981 | D:3      | Found an ornate altar of the Wu Jian Council.
  1981 | D:3      | Found a basalt altar of Yredelemnul.
  1981 | D:3      | Found a blossoming altar of Fedhas.
  1981 | D:3      | Found a sparkling altar of Nemelex Xobeh.
  2068 | D:3      | Found a hide-covered altar of Uskayaw.
  2068 | D:3      | Found a stormy altar of Qazlal.
  2792 | D:4      | Reached XP level 5. HP: 43/43 MP: 5/5
  2962 | D:4      | Reached skill level 5 in Fighting
  3370 | D:4      | Reached skill level 4 in Staves
  3406 | D:4      | Reached XP level 6. HP: 47/51 MP: 6/6
  3478 | D:5      | Entered Level 5 of the Dungeon
  3600 | D:5      | Noticed a sky beast
  3629 | D:5      | Killed a sky beast
  3630 | D:5      | Reached skill level 5 in Staves
  3630 | D:5      | Reached XP level 7. HP: 37/58 MP: 7/7
  3925 | D:5      | Reached skill level 6 in Staves
  4267 | D:5      | Reached skill level 8 in Staves
  4267 | D:5      | Reached XP level 8. HP: 50/64 MP: 8/8
  5027 | D:6      | Noticed Menkaure
  5040 | D:6      | Killed Menkaure
  5041 | D:6      | Reached skill level 9 in Staves
  5271 | D:6      | Reached XP level 9. HP: 33/69 MP: 9/9
  5524 | D:6      | Reached skill level 10 in Staves
  5689 | D:6      | Found Zumeef's Elemental Accessories.
  6309 | D:6      | Noticed Edmund
  6329 | D:6      | Killed Edmund
  6330 | D:6      | Reached skill level 11 in Staves
  7037 | D:7      | Found a staircase to the Ecumenical Temple.
  7063 | Temple   | Entered the Ecumenical Temple
  7160 | Temple   | Became a worshipper of Warmaster Okawaru
  7186 | D:7      | Noticed a two-headed ogre
  7195 | D:7      | Killed a two-headed ogre
  7195 | D:7      | Reached * piety under Okawaru
  7196 | D:7      | Reached skill level 12 in Staves
  7196 | D:7      | Reached XP level 10. HP: 76/76 MP: 10/10
  7373 | D:7      | Got the Almanac of Battle Magic
  7425 | D:7      | Noticed Maggie
  7443 | D:7      | Killed Maggie
  7443 | D:7      | Reached ** piety under Okawaru
  7444 | D:7      | Reached skill level 13 in Staves
  7959 | D:8      | Noticed Joseph
  8438 | D:8      | Noticed a two-headed ogre
  8447 | D:8      | Killed a two-headed ogre
  8447 | D:8      | Reached *** piety under Okawaru
  8448 | D:8      | Reached skill level 14 in Staves
  8616 | D:8      | Killed Joseph
  8616 | D:8      | Reached **** piety under Okawaru
  8617 | D:8      | Reached skill level 5 in Shields
  8983 | D:8      | Noticed a komodo dragon
  9322 | D:8      | Found a staircase to the Lair.
  9433 | D:8      | Killed a komodo dragon
  9434 | D:8      | Reached skill level 5 in Armour
  9434 | D:8      | Reached XP level 11. HP: 46/81 MP: 11/11
  9739 | D:8      | Found Edeozomn's Antique Armour Boutique.
 10469 | D:9      | Noticed Maurice
 10490 | D:9      | Killed Maurice
 10755 | D:9      | Reached ***** piety under Okawaru
 10862 | D:10     | Entered Level 10 of the Dungeon
 11343 | D:10     | Identified the +1 ring mail of Vlad {rPois rF+} (Okawaru
                  | gifted it to you on level 10 of the Dungeon)
 11343 | D:10     | Received a gift from Okawaru
 11651 | D:10     | Found a shimmering altar of Xom.
 11652 | D:10     | Found a hazy altar of Hepliaklqana.
 11673 | D:10     | Found a staircase to the Orcish Mines.
 11686 | D:10     | Identified the +1 cloak "Boips" {Str+6}
 12190 | D:11     | Identified the +0 robe of Purpose {Rampage rElec}
 12201 | D:11     | Noticed a manticore
 12226 | D:11     | Killed a manticore
 12469 | D:11     | Noticed a cyclops
 12501 | D:11     | Killed a cyclops
 12502 | D:11     | Reached skill level 1 in Dodging
 12712 | D:11     | HP: 2/81 [vampire (10)]
 12923 | D:11     | Reached XP level 12. HP: 45/88 MP: 12/12
 13236 | Lair:1   | Entered Level 1 of the Lair of Beasts
 13880 | Lair:1   | Reached skill level 10 in Armour
 14219 | Lair:1   | Noticed a four-headed hydra
 14228 | Lair:1   | Killed a four-headed hydra
 14835 | Lair:1   | Noticed an eight-headed hydra
 14846 | Lair:1   | Killed an eight-headed hydra
 14846 | Lair:1   | Reached ****** piety under Okawaru
 14847 | Lair:1   | Reached skill level 5 in Dodging
 15328 | Lair:2   | Noticed a death yak
 15345 | Lair:2   | Killed a death yak
 15447 | Lair:2   | Noticed a death yak
 15467 | Lair:2   | Killed a death yak
 15467 | Lair:2   | Received a gift from Okawaru
 15635 | Lair:2   | Noticed a death yak
 15654 | Lair:2   | Killed a death yak
 15867 | Lair:2   | Found a staircase to the Shoals.
 16044 | Lair:1   | Reached XP level 13. HP: 28/93 MP: 13/13
 16680 | Lair:2   | Identified the +4 falchion of Nailecwa {vorpal, rC+ Str+8
                  | Int-3 Dex-4} (Okawaru gifted it to you on level 2 of the
                  | Lair of Beasts)
 16680 | Lair:2   | Received a gift from Okawaru
 17661 | Lair:3   | You fall into a shaft and drop 2 floors!
 18382 | Lair:5   | Noticed a six-headed hydra
 18398 | Lair:5   | Killed a six-headed hydra
 18410 | Lair:5   | Noticed an eight-headed hydra
 18702 | Lair:5   | Killed an eight-headed hydra
 18944 | Lair:3   | Reached skill level 10 in Dodging
 19031 | Lair:3   | Identified the +0 kite shield of the Big Bang {rN++ Regen+
                  | Slay+5} (Okawaru gifted it to you on level 3 of the Lair of
                  | Beasts)
 19031 | Lair:3   | Received a gift from Okawaru
 19731 | Lair:3   | You fall into a shaft and drop 2 floors!
 20576 | Lair:3   | Reached XP level 14. HP: 84/100 MP: 14/14
 21316 | Lair:3   | Found a staircase to the Snake Pit.
 21346 | Lair:3   | Received a gift from Okawaru
 22711 | Lair:5   | Found a transporter.
 22712 | Lair:5   | Noticed Valamore's ghost (journeyman FoFi)
 23072 | Lair:5   | Found a transporter.
 23259 | Lair:6   | Entered Level 6 of the Lair of Beasts
 23370 | Lair:6   | Reached skill level 10 in Fighting
 23664 | Lair:6   | Found a viscous altar of Jiyva.
 23665 | Lair:6   | Found a staircase to the Slime Pits.
 23956 | Lair:6   | Received a gift from Okawaru
 24794 | Lair:6   | Reached skill level 1 in Invocations
 24815 | Lair:6   | Found a corrupted altar of Lugonu.
 24815 | Lair:6   | Found a one-way gate to the infinite horrors of the Abyss.
 25204 | Orc:1    | Entered Level 1 of the Orcish Mines
 25933 | D:12     | Reached XP level 15. HP: 120/120 MP: 17/17
 26115 | D:12     | Identified the +5 ring mail of Putyllecs {*Slow rF+++ rCorr
                  | Str-3} (Okawaru gifted it to you on level 12 of the
                  | Dungeon)
 26115 | D:12     | Received a gift from Okawaru
 26193 | D:12     | Reached skill level 5 in Invocations
 26202 | D:12     | You fall into a shaft and drop 3 floors!
 26202 | D:15     | Entered Level 15 of the Dungeon
 26259 | D:14     | Noticed Agnes
 26273 | D:14     | You fall into a shaft and drop 1 floor!
 26439 | D:15     | Found a staircase to the Depths.
 26440 | D:15     | Noticed an emperor scorpion
 26454 | D:15     | Killed an emperor scorpion
 26962 | D:14     | Reached skill level 10 in Invocations
 27186 | D:14     | Found a shadowy altar of Dithmenos.
 27219 | D:14     | Found an ornate altar of the Wu Jian Council.
 27442 | D:14     | Killed Agnes
 27477 | D:14     | You fall into a shaft and drop 1 floor!
 27585 | D:15     | Received a gift from Okawaru
 27710 | D:15     | Got the Tome of the Traveller
 27935 | D:14     | Found a gate to the Vaults.
 27935 | D:14     | Identified the +2 pair of gloves of Zionuyhy {Dex+3}
 28220 | D:13     | Found a bloodstained altar of Trog.
 28367 | D:13     | Found Saufreh's Antique Armour Emporium.
 28868 | D:12     | Noticed Jorgrun
 28901 | D:12     | Killed Jorgrun
 28902 | D:12     | Reached XP level 16. HP: 85/127 MP: 25/25
 28993 | D:12     | Reached skill level 10 in Shields
 29733 | Orc:1    | Noticed Nergalle
 29734 | Orc:1    | Found Nagek's Antique Armour Boutique.
 29748 | Orc:1    | Killed Nergalle
 30267 | Orc:2    | Entered Level 2 of the Orcish Mines
 30486 | Orc:2    | Identified the +0 chain mail of Servitude {rPois Will+
                  | Int+2 Dex-5} (Okawaru gifted it to you on level 2 of the
                  | Orcish Mines)
 30486 | Orc:2    | Received a gift from Okawaru
 30850 | Orc:2    | Found a staircase to the Elven Halls.
 31010 | Orc:2    | Found Jisucuik's Magic Scroll Boutique.
 31011 | Orc:2    | Found Voesojuk's General Store.
 31012 | Orc:2    | Found Herchit's General Store.
 31016 | Orc:2    | Found Dofroih's Assorted Antiques.
 31021 | Orc:2    | Bought a scroll of amnesia for 38 gold pieces
 31021 | Orc:2    | Bought a scroll of identify for 22 gold pieces
 31028 | Orc:2    | Bought a scroll of blinking for 105 gold pieces
 31028 | Orc:2    | Bought a scroll of holy word for 105 gold pieces
 31028 | Orc:2    | Bought a scroll of acquirement for 728 gold pieces
 31028 | Orc:2    | Bought 2 scrolls of identify for 56 gold pieces
 31028 | Orc:2    | Bought 2 scrolls of identify for 56 gold pieces
 31028 | Orc:2    | Bought a scroll of identify for 28 gold pieces
 31030 | Orc:2    | Acquired a +5 quarterstaff of speed
 31031 | Orc:2    | Acquired 460 gold pieces
 31193 | Orc:2    | Acquired 873 gold pieces
 31194 | Orc:2    | Acquired a +2 spectral quarterstaff
 31206 | Orc:2    | Bought a scroll of brand weapon for 260 gold pieces
 31555 | Snake:1  | Entered Level 1 of the Snake Pit
 31588 | Lair:3   | Killed from afar by a shock serpent

Illustrated notes

Levels and vault maps discovered:
D:1:      minmay_arrival_cross, layout_rooms, serial_shops, shop
D:2:      layout_basic, hellmonk_ecumenical_altar_run_dry
D:3:      layout_basic, minmay_overflow_temple_hex
D:4:      layout_gridville
D:5:      layout_loops_ring, portal_sewer_entry_f, minmay_misc_feat_nine_boxes,
          kennysheep_another_room, kennysheep_generic_room_4
D:6:      layout_gridville, kennysheep_pointless_box, nicolae_elemental_shop,
          kb_lookout_dungeons_type, uniq_menkaure, uniq_edmund
D:7:      layout_loops_ring, minmay_temple_entry_offerings, uniq_maggie
D:8:      layout_rooms, lair_entry_dummy, serial_shops, shop_statue, uniq_joseph
D:9:      layout_gridville, uniq_maurice
D:10:     layout_long_grid, regret_index_temple_of_mockery, david_orc_2
D:11:     layout_irregular_city, amethyst_killhole
D:12:     layout_loops_ring, uniq_jorgrun
D:13:     layout_loops_ring, serial_shops, nicolae_shop_crystal,
          trog_hazing_becter
D:14:     layout_irregular_city, david_vaults_4,
          grunt_dithmenos_smoke_and_mirrors, minmay_strange_pillars,
          nzn_wu_jian_council_hall, uniq_agnes
D:15:     hangedman_depths_entry_try_elsewhere_first, layout_irregular_city,
          minmay_misc_feat_pillars
Temple:   jpeg_temple_clearing
Lair:1:   layout_cave_pods, grunt_megastairs_2, infiniplex_staircase_pool
Lair:2:   layout_cave_pods, minmay_shoals_entry_centaurs, beast_lair_carwin_5
Lair:3:   regret_index_bee_streams, layout_gridlike,
          minmay_snake_entry_guardpost_large
Lair:4:   layout_cellular_growth
Lair:5:   layout_regular_city, gammafunk_ghost_arena
Lair:6:   hellmonk_lair_end_abyssal_woods, layout_cave_pods, slime_altar_1,
          lemuel_old_faithful
Snake:1:  layout_misc_corridors, nicolae_snake_double_loop
Orc:1:    layout_diamond_mine, basic_altar, serial_shops,
          nicolae_shop_overgrown_old_shop, uniq_nergalle
Orc:2:    st_orc_mages, layout_caves

Skill      XL: |  1  2  3  4  5  6  7  8  9 10 11 12 13 14 15 16 |
---------------+-------------------------------------------------+-----
Fighting       | 4 5 6 12 | 12.0
Staves         | 3 4 5 8 9 12 14 | 14.0
Shields        | 5 9 11 | 11.5
Armour         | 5 9 12 13 | 13.5
Dodging        | 1 6 11 12 | 12.3
Invocations    | 3 12 | 12.0

Action                   |  1- 3 |  4- 6 |  7- 9 | 10-12 | 13-15 | 16-18 || total
-------------------------+-------+-------+-------+-------+-------+-------++-------
Melee: Quarterstaff      |   100 |   108 |   253 |   777 |  1286 |   328 ||  2852
       Lajatang          |       |       |       |       |       |    15 ||    15
Invok: Heroism           |       |       |       |     1 |    11 |       ||    12
       Finesse           |       |       |       |       |     1 |       ||     1
 Abil: Shaft Self        |       |       |       |       |     5 |       ||     5
Evoke: Wand              |       |       |     2 |    20 |       |     5 ||    27
  Use: Potion            |       |       |     1 |     5 |     3 |     2 ||    11
       Scroll            |       |       |     5 |     7 |     7 |    11 ||    30
 Stab: Paralysed         |       |       |     7 |     1 |       |       ||     8
Armor: Scale mail        |    47 |     1 |       |       |       |       ||    48
       Chain mail        |       |    49 |    88 |    15 |       |       ||   152
       Plate armour      |       |       |       |   272 |   567 |   161 ||  1000
Dodge: Dodged            |    41 |    47 |    86 |   163 |   512 |   167 ||  1016
Block: Buckler           |    16 |    24 |    37 |   122 |   157 |       ||   356
       Kite shield       |       |       |       |       |   317 |   240 ||   557
